TOP OF THE 1ST |
Columbia River Rats batting - Pitching for Gwinnett County Black Cats : LHP John Orton
|
Pitching: LHP John Orton
|
|
Batting: RHB Baldomero Avino
|
0-0: Ball 1-0: Ball 2-0: Ball 3-0: Called Strike 3-1: Called Strike 3-2: Foul Ball, location: 2F 3-2: Base on Balls
|
Batting: RHB Héctor Gallegos
|
0-0: Called Strike 0-1: SINGLE (Groundball, 56D) Baldomero Avino to second
|
Batting: RHB Ed Lastinger
|
0-0: Swinging Strike 0-1: Ball 1-1: Ball 2-1: Called Strike 2-2: Strikes out looking
|
Batting: RHB Lorenzo Rosas
|
0-0: Foul Ball, location: 2F 0-1: Foul Ball, location: 2F 0-2: Ball 1-2: Foul Ball, location: 2F 1-2: DOUBLE (Flyball, 89XD) Baldomero Avino scores Héctor Gallegos to third Runner from 3rd tries for Home, SAFE, no throw or cutoff
|
Batting: RHB Ron Spence
|
0-0: Ball 1-0: Ball 2-0: Foul Ball, location: 2F 2-1: Ball 3-1: Foul Ball, location: 2F 3-2: Base on Balls
|
Batting: RHB Enrique Correa
|
0-0: Ball 1-0: Foul Ball, location: 2F 1-1: Ball 2-1: SINGLE (Line Drive, 8RS) Lorenzo Rosas to third Ron Spence to second
|
Batting: SHB Javier Luna
|
0-0: Called Strike 0-1: Ball 1-1: Foul Ball, location: 2F 1-2: Ball 2-2: Strikes out looking
|
Batting: RHB Owen Cannon
|
0-0: Called Strike 0-1: Ball 1-1: Foul Ball, location: 2F 1-2: Foul Ball, location: 2F 1-2: Foul Ball, location: 2F 1-2: Strikes out looking
|
Top of the 1st over - 2 run(s), 3 hit(s), 0 error(s), 3 left on base; Columbia 2 - Gwinnett County 0 |
BOTTOM OF THE 1ST |
Gwinnett County Black Cats batting - Pitching for Columbia River Rats : RHP José Luján
|
Pitching: RHP José Luján
|
|
Batting: RHB Gray Buddenberg
|
0-0: Foul Ball, location: 2F 0-1: Ball 1-1: Ball 2-1: Called Strike 2-2: Ball 3-2: Strikes out swinging
|
Batting: LHB Jorge Borbón
|
0-0: Foul Ball, location: 2F 0-1: Ball 1-1: Swinging Strike 1-2: Ball 2-2: Ball 3-2: Fly out, F8 (Flyball, 8RXD)
|
Batting: RHB Byron Isaacson
|
0-0: Ball 1-0: Ball 2-0: Called Strike 2-1: Fly out, F4 (Popup, 4MS)
|
Bottom of the 1st over - 0 run(s), 0 hit(s), 0 error(s), 0 left on base; Columbia 2 - Gwinnett County 0 |
TOP OF THE 2ND |
Columbia River Rats batting - Pitching for Gwinnett County Black Cats : LHP John Orton
|
Batting: SHB Alejandro Castillo
|
0-0: Called Strike 0-1: Ball 1-1: DOUBLE (Line Drive, 7LS)
|
Batting: RHB Baldomero Avino
|
0-0: Called Strike 0-1: Swinging Strike 0-2: Strikes out swinging
|
Batting: RHB Héctor Gallegos
|
0-0: Ball 1-0: Called Strike 1-1: Ground out 5-3 (Groundball, 56)
|
Batting: RHB Ed Lastinger
|
0-0: Foul Ball, location: 2F 0-1: Called Strike 0-2: Ball 1-2: Ball 2-2: Ball 3-2: Strikes out swinging
|
Top of the 2nd over - 0 run(s), 1 hit(s), 0 error(s), 1 left on base; Columbia 2 - Gwinnett County 0 |
BOTTOM OF THE 2ND |
Gwinnett County Black Cats batting - Pitching for Columbia River Rats : RHP José Luján
|
Batting: RHB Bobby Butterfield
|
0-0: Called Strike 0-1: SINGLE (Line Drive, 34D)
|
Batting: RHB Aaron Taylor
|
0-0: Ball 1-0: Ball Bobby Butterfield is caught stealing 2nd base 2-0: Called Strike 2-1: Ball 3-1: Foul Ball, location: 2F 3-2: Strikes out looking
|
Batting: RHB King Tracy
|
0-0: Called Strike 0-1: Called Strike 0-2: Ground out 5-3 (Groundball, 5S)
|
Bottom of the 2nd over - 0 run(s), 1 hit(s), 0 error(s), 0 left on base; Columbia 2 - Gwinnett County 0 |
TOP OF THE 3RD |
Columbia River Rats batting - Pitching for Gwinnett County Black Cats : LHP John Orton
|
Batting: RHB Lorenzo Rosas
|
0-0: Called Strike 0-1: Ball 1-1: Swinging Strike 1-2: Foul Ball, location: 2F 1-2: Ball 2-2: Strikes out swinging
|
Batting: RHB Ron Spence
|
0-0: Foul Ball, location: 2F 0-1: Called Strike 0-2: Ball 1-2: Ball 2-2: SINGLE (Line Drive, 7S)
|
Batting: RHB Enrique Correa
|
0-0: SINGLE (Flyball, 89S) Ron Spence to second Runner from 2nd tries for 3rd, SAFE, throw made to third
|
Batting: SHB Javier Luna
|
0-0: Ball 1-0: Ball Wild Pitch! Ron Spence scores Enrique Correa to second 2-0: Ground out 6-3 (Groundball, 6M) Enrique Correa to third
|
Batting: RHB Owen Cannon
|
0-0: Ball 1-0: Ball 2-0: Ball 3-0: Base on Balls
|
Batting: SHB Alejandro Castillo
|
0-0: Called Strike 0-1: Ball 1-1: Called Strike 1-2: Ground out 1-3 (Groundball, 15)
|
Top of the 3rd over - 1 run(s), 2 hit(s), 0 error(s), 2 left on base; Columbia 3 - Gwinnett County 0 |
BOTTOM OF THE 3RD |
Gwinnett County Black Cats batting - Pitching for Columbia River Rats : RHP José Luján
|
Batting: RHB Mike McCormick
|
0-0: Called Strike 0-1: Ball 1-1: Foul Ball, location: 2F 1-2: Foul Ball, location: 2F 1-2: Fly out, F9 (Flyball, 9S)
|
Batting: RHB Clarence Weber
|
0-0: Called Strike 0-1: Ball 1-1: Called Strike Reached via error on a dropped throw, E3
|
Batting: RHB Addie Kattenberg
|
0-0: Called Strike 0-1: Ball 1-1: Swinging Strike 1-2: Foul Ball, location: 2F 1-2: Foul Ball, location: 2F 1-2: Ball 2-2: Foul Ball, location: 2F 2-2: Foul Ball, location: 2F 2-2: Strikes out swinging
|
Batting: RHB Gray Buddenberg
|
0-0: Ball Clarence Weber is caught stealing 2nd base
|
Bottom of the 3rd over - 0 run(s), 0 hit(s), 1 error(s), 0 left on base; Columbia 3 - Gwinnett County 0 |
TOP OF THE 4TH |
Columbia River Rats batting - Pitching for Gwinnett County Black Cats : LHP John Orton
|
Batting: RHB Baldomero Avino
|
0-0: Swinging Strike 0-1: Fly out, F8 (Line Drive, 8LS)
|
Batting: RHB Héctor Gallegos
|
0-0: Called Strike 0-1: Called Strike 0-2: Foul Ball, location: 2F 0-2: Ball 1-2: Strikes out swinging
|
Batting: RHB Ed Lastinger
|
0-0: Called Strike 0-1: Fly out, F9 (Flyball, 9M)
|
Top of the 4th over - 0 run(s), 0 hit(s), 0 error(s), 0 left on base; Columbia 3 - Gwinnett County 0 |
BOTTOM OF THE 4TH |
Gwinnett County Black Cats batting - Pitching for Columbia River Rats : RHP José Luján
|
Batting: RHB Gray Buddenberg
|
0-0: Foul Ball, location: 2F 0-1: Ground out 5-3 (Groundball, 5)
|
Batting: LHB Jorge Borbón
|
0-0: Ball 1-0: Called Strike 1-1: Ball 2-1: SINGLE (Line Drive, 4D)
|
Batting: RHB Byron Isaacson
|
0-0: Called Strike 0-1: Ball 1-1: Grounds into double play, 5-4-3 (Groundball, 56)
|
Bottom of the 4th over - 0 run(s), 1 hit(s), 0 error(s), 0 left on base; Columbia 3 - Gwinnett County 0 |
TOP OF THE 5TH |
Columbia River Rats batting - Pitching for Gwinnett County Black Cats : LHP John Orton
|
Batting: RHB Lorenzo Rosas
|
0-0: Foul Ball, location: 2F 0-1: Foul Ball, location: 2F 0-2: Ground out 6-3 (Groundball, 6)
|
Batting: RHB Ron Spence
|
0-0: Ball 1-0: DOUBLE (Flyball, 8LXD)
|
Batting: RHB Enrique Correa
|
0-0: Called Strike 0-1: Ball 1-1: Called Strike 1-2: Ground out 1-3 (Groundball, 15)
|
Batting: SHB Javier Luna
|
0-0: Intentional Walk
|
Batting: RHB Owen Cannon
|
0-0: Ball 1-0: Swinging Strike 1-1: Called Strike 1-2: Strikes out swinging
|
Top of the 5th over - 0 run(s), 1 hit(s), 0 error(s), 2 left on base; Columbia 3 - Gwinnett County 0 |
BOTTOM OF THE 5TH |
Gwinnett County Black Cats batting - Pitching for Columbia River Rats : RHP José Luján
|
Batting: RHB Bobby Butterfield
|
0-0: Called Strike 0-1: Ball 1-1: Called Strike 1-2: Ball 2-2: Strikes out swinging
|
Batting: RHB Aaron Taylor
|
0-0: Called Strike 0-1: Called Strike 0-2: Ball 1-2: Foul Ball, location: 2F 1-2: Ball 2-2: Foul Ball, location: 2F 2-2: Foul Ball, location: 2F 2-2: Fly out, F7 (Flyball, 7M)
|
Batting: RHB King Tracy
|
0-0: Ball 1-0: Ball 2-0: DOUBLE (Flyball, 89M)
|
Batting: RHB Mike McCormick
|
0-0: Ball 1-0: Ground out 6-3 (Groundball, 6)
|
Bottom of the 5th over - 0 run(s), 1 hit(s), 0 error(s), 1 left on base; Columbia 3 - Gwinnett County 0 |
TOP OF THE 6TH |
Columbia River Rats batting - Pitching for Gwinnett County Black Cats : LHP John Orton
|
Batting: SHB Alejandro Castillo
|
0-0: Ball 1-0: Called Strike 1-1: Ball 2-1: Called Strike 2-2: Strikes out swinging
|
Batting: RHB Baldomero Avino
|
0-0: Foul Ball, location: 2F 0-1: Ball 1-1: DOUBLE (Line Drive, 7D)
|
Batting: RHB Héctor Gallegos
|
0-0: Intentional Walk
|
Pitching: LHP Constantino Kent
|
|
Batting: RHB Ed Lastinger
|
0-0: Foul Ball, location: 2F 0-1: SINGLE (Groundball, 5L) Baldomero Avino to third Héctor Gallegos to second
|
Batting: RHB Lorenzo Rosas
|
0-0: Swinging Strike 0-1: Ball 1-1: Foul Ball, location: 2F 1-2: Fly out, F2 (Popup, 2RF)
|
Batting: RHB Ron Spence
|
0-0: Called Strike 0-1: Called Strike 0-2: Ball 1-2: Ball 2-2: Ball 3-2: Strikes out looking
|
Top of the 6th over - 0 run(s), 2 hit(s), 0 error(s), 3 left on base; Columbia 3 - Gwinnett County 0 |
BOTTOM OF THE 6TH |
Gwinnett County Black Cats batting - Pitching for Columbia River Rats : RHP José Luján
|
Batting: RHB Clarence Weber
|
0-0: Fly out, F6 (Popup, 56D)
|
Batting: RHB Addie Kattenberg
|
0-0: Ground out 1-3 (Groundball, 15)
|
Batting: RHB Gray Buddenberg
|
0-0: Ball 1-0: Ground out 4-3 (Groundball, 4M)
|
Bottom of the 6th over - 0 run(s), 0 hit(s), 0 error(s), 0 left on base; Columbia 3 - Gwinnett County 0 |
TOP OF THE 7TH |
Columbia River Rats batting - Pitching for Gwinnett County Black Cats : LHP Constantino Kent
|
Batting: RHB Enrique Correa
|
0-0: Ball 1-0: Ball 2-0: SINGLE (Groundball, 34D)
|
Batting: SHB Javier Luna
|
0-0: Ball 1-0: Ball 2-0: Bunted foul 2-1: Ball 3-1: Sac Bunt - play at first, batter safe! Enrique Correa to second
|
Batting: RHB Owen Cannon
|
0-0: Fielders Choice at 2nd, 6-4 (Groundball, 6) Enrique Correa to third
|
Batting: SHB Alejandro Castillo
|
0-0: Ball 1-0: Foul Ball, location: 2F 1-1: Ball 2-1: Fly out, F4 (Popup, 34D)
|
Batting: RHB Baldomero Avino
|
0-0: Ball 1-0: Called Strike 1-1: Fielders Choice at 2nd, 6-4 (Groundball, 6)
|
Top of the 7th over - 0 run(s), 2 hit(s), 0 error(s), 1 left on base; Columbia 3 - Gwinnett County 0 |
BOTTOM OF THE 7TH |
Gwinnett County Black Cats batting - Pitching for Columbia River Rats : RHP José Luján
|
Batting: LHB Jorge Borbón
|
0-0: Called Strike 0-1: Ball 1-1: Foul Ball, location: 2F 1-2: Ball 2-2: SINGLE (Flyball, 78S)
|
Batting: RHB Byron Isaacson
|
0-0: Ball 1-0: Called Strike 1-1: Foul Ball, location: 2F 1-2: Ball 2-2: Ball 3-2: Fly out, F7 (Line Drive, 78D)
|
Batting: RHB Bobby Butterfield
|
0-0: Ball 1-0: Ball 2-0: Ball 3-0: Called Strike 3-1: Called Strike 3-2: Strikes out looking
|
Batting: RHB Aaron Taylor
|
0-0: Ball 1-0: Ball 2-0: Swinging Strike 2-1: Foul Ball, location: 2F 2-2: Strikes out swinging
|
Bottom of the 7th over - 0 run(s), 1 hit(s), 0 error(s), 1 left on base; Columbia 3 - Gwinnett County 0 |
TOP OF THE 8TH |
Columbia River Rats batting - Pitching for Gwinnett County Black Cats : LHP Constantino Kent
|
Batting: RHB Héctor Gallegos
|
0-0: Called Strike 0-1: Ball 1-1: SINGLE (Groundball, 56D)
|
Batting: RHB Ed Lastinger
|
0-0: Foul Ball, location: 2F 0-1: SINGLE (Line Drive, 8RS) Héctor Gallegos to second
|
Batting: RHB Lorenzo Rosas
|
0-0: Called Strike 0-1: Ball 1-1: Called Strike 1-2: Strikes out swinging
|
Batting: RHB Ron Spence
|
0-0: Ball Héctor Gallegos steals 3rd base Ed Lastinger to second 1-0: Intentional Walk
|
Batting: RHB Enrique Correa
|
0-0: Foul Ball, location: 2F 0-1: Ball Wild Pitch! Héctor Gallegos scores Ed Lastinger to third Ron Spence to second 1-1: Fly out, F9 (Flyball, 89M) Runner from 3rd tags up, SCORES, throw made
|
Batting: SHB Javier Luna
|
0-0: Intentional Walk
|
Pitching: RHP Nick Fowler
|
|
Batting: RHB Owen Cannon
|
0-0: Foul Ball, location: 2F 0-1: Swinging Strike 0-2: Ball 1-2: Strikes out swinging
|
Top of the 8th over - 2 run(s), 2 hit(s), 0 error(s), 2 left on base; Columbia 5 - Gwinnett County 0 |
BOTTOM OF THE 8TH |
Gwinnett County Black Cats batting - Pitching for Columbia River Rats : RHP José Luján
|
Pitching: RHP Brandon McAllister
|
|
Now in RF: Carlos Rodríguez
|
|
Batting: RHB King Tracy
|
0-0: Ball 1-0: Ball 2-0: Swinging Strike 2-1: Ball 3-1: Foul Ball, location: 2F 3-2: Foul Ball, location: 2F 3-2: Ground out 6-3 (Groundball, 6)
|
Batting: RHB Mike McCormick
|
0-0: Ball 1-0: Fly out, F4 (Popup, 4D)
|
Batting: RHB Clarence Weber
|
0-0: Ball 1-0: Fly out, F8 (Flyball, 8RM)
|
Bottom of the 8th over - 0 run(s), 0 hit(s), 0 error(s), 0 left on base; Columbia 5 - Gwinnett County 0 |
TOP OF THE 9TH |
Columbia River Rats batting - Pitching for Gwinnett County Black Cats : RHP Nick Fowler
|
Batting: SHB Alejandro Castillo
|
0-0: Ball 1-0: Foul Ball, location: 2F 1-1: Swinging Strike 1-2: Ball 2-2: SINGLE (Flyball, 9LM)
|
Batting: RHB Baldomero Avino
|
0-0: Called Strike 0-1: Sac Bunt - play at first, batter OUT! 6-3 Alejandro Castillo to second
|
Batting: RHB Héctor Gallegos
|
0-0: Intentional Walk
|
Batting: RHB Ed Lastinger
|
0-0: Ball 1-0: Foul Ball, location: 2F 1-1: Called Strike 1-2: Strikes out swinging
|
Batting: RHB Lorenzo Rosas
|
0-0: Ball 1-0: Swinging Strike 1-1: Ground out 5-3 (Groundball, 5L)
|
Top of the 9th over - 0 run(s), 1 hit(s), 0 error(s), 2 left on base; Columbia 5 - Gwinnett County 0 |
BOTTOM OF THE 9TH |
Gwinnett County Black Cats batting - Pitching for Columbia River Rats : RHP Brandon McAllister
|
Batting: RHB Addie Kattenberg
|
0-0: Foul Ball, location: 2F 0-1: Ball 1-1: Ball 2-1: Ball 3-1: Foul Ball, location: 2F 3-2: Strikes out looking
|
Batting: RHB Gray Buddenberg
|
0-0: Fly out, F9 (Flyball, 9LMF)
|
Batting: LHB Jorge Borbón
|
0-0: Called Strike 0-1: Ball 1-1: Foul Ball, location: 2F 1-2: Foul Ball, location: 2F 1-2: SINGLE (Groundball, 34) (infield hit)
|
Batting: RHB Byron Isaacson
|
0-0: Ball 1-0: Swinging Strike 1-1: Ball 2-1: Ball 3-1: Base on Balls Jorge Borbón to second
|
Batting: RHB Bobby Butterfield
|
0-0: Ball 1-0: Called Strike 1-1: Foul Ball, location: 2F 1-2: Fly out, F5 (Line Drive, 56)
|
Bottom of the 9th over - 0 run(s), 1 hit(s), 0 error(s), 2 left on base; Columbia 5 - Gwinnett County 0 |
|